[Event "ICC tourney 2347 (3 2)"]
[Site "Internet Chess Club"]
[Date "2021.01.29"]
[Round "8"]
[White "predatorx"]
[Black "Kyle2007"]
[Result "0-1"]
[ICCResult "White checkmated"]
[WhiteElo "1815"]
[BlackElo "2038"]
[Opening "Nimzo-Indian: classical, Milner-Barry (Zurich) variation"]
[ECO "E33"]
[NIC "NI.24"]
[Time "20:31:57"]
[PlyCount "138"]
[TimeControl "180+2"]

1. d4 Nf6 2. c4 e6 3. Nc3 Bb4 4. Qc2 Nc6 5. Nf3 d6 6. Bg5 h6 7. Bh4 g5 8.
Bg3 g4 9. Nd2 Nxd4 10. Qd3 e5 11. a3 Bxc3 12. bxc3 Nc6 13. Bh4 Rg8 14. Ne4
Bf5 15. Nxf6+ Qxf6 16. Bxf6 Bxd3 17. exd3 Kd7 18. Be2 Ke6 19. Bh4 f5 20.
O-O-O Na5 21. h3 h5 22. hxg4 hxg4 23. f3 g3 24. d4 f4 25. d5+ Kf7 26. Rh3
Nb3+ 27. Kb2 Nc5 28. Rdh1 Rg7 29. Bd1 a5 30. Bc2 b6 31. Bxg3 Rxg3 32. Rxg3
fxg3 33. Rh7+ Kf6 34. Rh6+ Kg5 35. Rg6+ Kf4 36. Rg4+ Ke3 37. Rxg3 Kf2 38.
Rg7 Na6 39. Be4 Rh8 40. g4 Ke3 41. Rh7 Rf8 42. g5 Nc5 43. g6 Nxe4 44. fxe4
Rg8 45. Rxc7 Rxg6 46. Rc6 Kxe4 47. Rxb6 Kd3 48. c5 e4 49. c6 Rg8 50. Rb7 e3
51. c7 e2 52. Rb8 e1=Q 53. Rxg8 Qxc3+ 54. Kb1 Qxc7 55. Rg3+ Kd4 56. Rg4+
Kxd5 57. Rg5+ Kc4 58. Rg4+ Kc5 59. Rg5+ d5 60. Rg1 Qb6+ 61. Ka1 d4 62. Rc1+
Kd5 63. Rh1 d3 64. Rh5+ Kc4 65. Rh4+ Kc3 66. Rh2 d2 67. Rh3+ Kc2 68. Rb3
Qxb3 69. a4 Qb2# { White checkmated } 0-1